 Dungeon Crawl Stone Soup version 0.31-a0-920-g28cbb04a8c (webtiles) character file.

Game seed: 10059557397987469281

1416 omnomnOMINOUS the Sneak (level 8, -4/54 HPs)
             Began as an Octopode Wanderer on Oct 17, 2023.
             Was a Believer of Dithmenos.
             Slain by an ice beast (14 damage)
             ... on level 6 of the Dungeon.
             The game lasted 00:11:09 (4638 turns).

omnomnOMINOUS the Sneak (Octopode Wanderer)         Turns: 4638, Time: 00:11:09

Health: -4/54      AC:  1    Str: 11    XL:     8   Next: 71%
Magic:  6/12       EV: 14    Int: 18    God:    Dithmenos [**....]
Gold:   246        SH:  0    Dex: 10    Spells: 9/13 levels left

rFire   . . .        b - +0 dagger (venom)
rCold   . . .        (no shield)
rNeg    . . .        h - +0 hat
rPois   .            y - amulet of regeneration
rElec   .            r - ring of resist corrosion
rCorr   +            (no ring)
SInv    .            (no ring)
Will    .....        (no ring)
Stlth   +++++        (no ring)
HPRegen 1.09/turn    (no ring)
MPRegen 0.13/turn    (no ring)
                     (no ring)

%: no passive effects
@: wreathed by umbra
A: almost no armour, amphibious, 8 rings, camouflage 1, gelatinous body 1,
(nimble swimmer 1), tentacles
a: Renounce Religion, Shadow Step


You were on level 6 of the Dungeon.
You worshipped Dithmenos.
Dithmenos was pleased with you.
You visited 1 branch of the dungeon, and saw 6 of its levels.

You collected 351 gold pieces.
You spent 105 gold pieces at shops.

Inventory:

Hand Weapons
 a - a +1 whip of electrocution
 b - a +0 dagger of venom (weapon)
 d - a +0 sling
 k - a +0 dagger of speed
 u - a +0 dagger of holy wrath
Missiles
 q - a throwing net
Armour
 h - a +0 hat (worn)
Magical Staves
 C - a staff of poison
Jewellery
 r - a ring of resist corrosion (left tentacle)
 y - an amulet of regeneration (around mantle)
 B - an amulet of magic regeneration
Wands
 e - a wand of polymorph (8)
 A - a wand of iceblast (11)
Scrolls
 c - a scroll of silence
 g - 3 scrolls of teleportation
 m - a scroll of fear
 p - 3 scrolls of poison
 t - a scroll of butterflies {unknown}
 v - a scroll of immolation {unknown}
 w - 4 scrolls of blinking
 x - 2 scrolls of enchant weapon
Potions
 f - a potion of curing
 i - a potion of haste {unknown}
 j - a potion of heal wounds
 l - 2 potions of attraction {unknown}
 n - a potion of lignification
 o - a potion of might {unknown}
 s - a potion of degeneration {unknown}
 z - 2 potions of cancellation {unknown}


   Skills:
 + Level 4.9 Fighting
 + Level 3.3 Short Blades
 - Level 1.0 Ranged Weapons
 + Level 4.7 Dodging
 + Level 5.7 Stealth
 - Level 3.0 Spellcasting
 + Level 4.3 Summonings
 - Level 4.0 Transmutations
 - Level 2.1 Evocations


You had 9 spell levels left.
You knew the following spells:

 Your Spells              Type           Power      Damage    Failure   Level
a - Sting                 Tmut/Pois      36%        1d4       7%          1
b - Call Canine Familiar  Summ           18%        N/A       9%          3

Your spell library contained the following spells:

 Spells                   Type           Power      Damage    Failure   Level
 Summon Small Mammal      Summ           72%        N/A       2%          1
 Summon Guardian Golem    Hex/Summ       10%        N/A       21%         3
 Ensorcelled Hibernation  Hex/Ice        4%         N/A       24%         2
 Jinxbite                 Hex            4%         N/A       24%         2
 Poisonous Vapours        Pois/Air       4%         N/A       24%         2
 Ignite Poison            Fire/Tmut/Pois 7%         N/A       28%         3
 Petrify                  Tmut/Erth      9%         N/A       56%         4
 Anguish                  Hex/Necr       1%         N/A       85%         4
 Olgreb's Toxic Radiance  Pois           2%         N/A       85%         4


Dungeon Overview and Level Annotations

Branches:
Dungeon (6/15)             Temple (0/1) D:5

Altars:
Dithmenos
Hepliaklqana
Qazlal
Wu Jian

Shops:
D:2 (   D:4 ?

Annotations:
D:3 exclusion: phantom


Innate Abilities, Weirdness & Mutations

You cannot wear most types of armour.
You are amphibious.
You can wear up to eight rings at the same time.
Your skin changes colour to match your surroundings (Stealth+).
Your rubbery body absorbs attacks. (AC +1, EV +1)
((You are camouflaged when in or above water. (Stealth+)))
You have tentacles for arms and can constrict up to eight enemies at once.


Message History

Aiming: Sting (safe; 7% risk of failure)
Press: ? - help, Q - select action, (/) - cycle Shift-Dir - straight line, f/p - ice beast
Aim: an ice beast (ally target, umbra, 68% to hit)
The sting hits the ice beast but does no damage.
The ice beast is poisoned.
Your hound bites the ice beast. x2
You hit the ice beast but do no damage.
The ice beast is lightly wounded.
Your hound bites the ice beast but does no damage.
The ice beast closely misses you.
You hit the ice beast.
The ice beast is moderately wounded.
Your hound bites the ice beast.
The ice beast hits you but does no damage.
You barely miss the ice beast.
The ice beast is moderately wounded.
Your hound disappears in a puff of smoke!
Casting: Sting (safe; 7% risk of failure)
Confirm with . or Enter, or press ? or * to list all spells.
Aiming: Sting (safe; 7% risk of failure)
Press: ? - help, Shift-Dir - straight line, f/p - ice beast
Aim: an ice beast (moderately wounded, poisoned, umbra, 68% to hit)
The sting hits the ice beast but does no damage.
The ice beast looks even sicker.
The ice beast is moderately wounded.
The ice beast hits you. The ice beast freezes you.
Casting: Sting (safe; 7% risk of failure)
Confirm with . or Enter, or press ? or * to list all spells.
The ice beast barely misses you.
You hit the ice beast but do no damage. You squeeze the ice beast.
The ice beast is severely wounded.
The ice beast hits you. The ice beast freezes you!
* * * LOW HITPOINT WARNING * * *
Your hound bites the ice beast.
You hit the ice beast but do no damage.
The ice beast is almost dead.
The ice beast hits you.
* * * LOW HITPOINT WARNING * * *
The ice beast freezes you!
You die...

.. # ... # ####### #.... #
#.....# #....#### ##.$.$.##
.......# #..#.#.?# ........
$..########.$.#.$.# #.
...#.>.#
#..'......'.h#.#..# .
###..... $.####'####.Y@..#
##.#.#.###. ##....##)..##
##..##')...) ##......##.##
#..#...##### #..#..#..###
###......#[(.# #...##...#
###.......†#...# #...##...#
#........#.#...# #..#..#..#
#......#..)##'##
##......####.......##')....
##....##...##.....#.#)#...


You could see an ice beast (very poisoned, ally target) and a friendly hound
(summoned).

Vanquished Creatures
  Maggie (D:6)
  Grinder (D:3)
  An ogre (D:6)
  A centaur (D:6)
  A bullfrog (D:6)
  A scorpion (D:4)
  2 howler monkeys
  2 hounds
  A jelly (D:5)
  An orc priest (D:6)
  Ijyb (D:5)
  6 iguanas
  A gnoll (D:1)
  8 adders
  A white imp (D:5)
  2 ufetubi (D:5)
  3 dart slugs
  12 orcs
  10 ball pythons
  4 bats
  8 endoplasms
  2 giant cockroaches
  5 hobgoblins
  8 jackals
  9 kobolds
  5 quokkas
  10 frilled lizards
  9 goblins
  7 rats
123 creatures vanquished.

Vanquished Creatures (collateral kills)
  A phantom (D:6)
  2 orcs (D:6)
3 creatures vanquished.

Grand Total: 126 creatures vanquished

Notes
Turn   | Place    | Note
-------+----------+-------------------------------------------
     0 | D:1      | omnomnOMINOUS the Octopode Wanderer began the quest for the
                  | Orb.
     0 | D:1      | omnomnOMINOUS set off with the following items: a +0 sling,
                  | a +0 hat, a scroll of silence; and the following spell
                  | memorised: Sting; and the following spells available to
                  | memorise: Ignite Poison, Petrify.
     0 | D:1      | Reached XP level 1. HP: 11/11 MP: 2/2
    47 | D:1      | Reached XP level 2. HP: 12/18 MP: 3/3
   102 | D:1      | Reached skill level 1 in Fighting
   141 | D:1      | Reached skill level 1 in Dodging
   194 | D:1      | Reached XP level 3. HP: 22/23 MP: 5/5
   286 | D:1      | You fall into a shaft and drop 1 floor!
   768 | D:2      | Reached XP level 4. HP: 22/29 MP: 7/7
   928 | D:2      | Found Oqenn's Weapon Shoppe.
   957 | D:2      | Identified the +2 ring mail of Asceticism {Rampage Dex+5}
  1604 | D:3      | Noticed a phantom
  1673 | D:3      | Found a stormy altar of Qazlal.
  1694 | D:3      | Reached XP level 5. HP: 31/35 MP: 8/8
  1726 | D:3      | Learned a level 3 spell: Call Canine Familiar
  1845 | D:3      | Found a faded altar of an unknown god.
  1855 | D:3      | Prayed at the altar of an unknown god.
  1855 | D:3      | Became a worshipper of Dithmenos the Shadowed
  1855 | D:3      | Reached * piety under Dithmenos
  1970 | D:3      | Noticed Grinder
  1980 | D:3      | Paralysed by Grinder for 3 turns
  1985 | D:3      | Paralysed by Grinder for 2 turns
  1992 | D:3      | Paralysed by Grinder for 4 turns
  2005 | D:3      | Killed Grinder
  2006 | D:3      | Reached XP level 6. HP: 20/42 MP: 8/10
  2129 | D:3      | Found an ornate altar of the Wu Jian Council.
  2952 | D:4      | Found Urghofum's Magic Scroll Shop.
  2971 | D:4      | Reached skill level 3 in Stealth
  2971 | D:4      | Reached XP level 7. HP: 46/46 MP: 11/11
  2980 | D:4      | Bought a scroll of blinking for 105 gold pieces
  3441 | D:5      | Entered Level 5 of the Dungeon
  3570 | D:5      | Found a hazy altar of Hepliaklqana.
  3623 | D:5      | Found a staircase to the Ecumenical Temple.
  3644 | D:5      | Reached skill level 1 in Short Blades
  3858 | D:5      | Noticed Ijyb
  3868 | D:5      | Killed Ijyb
  4089 | D:5      | Reached ** piety under Dithmenos
  4179 | D:6      | Reached skill level 4 in Stealth
  4386 | D:6      | Noticed Maggie
  4415 | D:6      | Killed Maggie
  4416 | D:6      | Reached skill level 5 in Stealth
  4416 | D:6      | Reached XP level 8. HP: 21/54 MP: 5/12
  4638 | D:6      | Slain by an ice beast

Illustrated notes

Levels and vault maps discovered:
D:1:      orjb1_clovarrival, layout_rooms, hangedman_decor_growths,
          minmay_door_square, minmay_tetromino_t4
D:2:      layout_loops_ring, serial_shops, shop
D:3:      layout_loops_ring, nicolae_overflow_crystal_walls,
          mainiacjoe_overflow_six_doors_small,
          dreamdust_ecumenical_altar_angels_and_demons,
          chequers_serial_rivers_room_b, uniq_grinder
D:4:      layout_layer_cave, serial_shops, shop
D:5:      layout_cave_pools, nicolae_hepliaklqana_hazy_memory,
          minmay_temple_entry_junction, kennysheep_nondescript,
          minmay_misc_feat_pillars, minmay_lizard_king, uniq_ijyb
D:6:      minmay_polygon_palace, layout_basic,
          minmay_fractal_squares_diagonal_5, uniq_prince_ribbit1, uniq_sigmund,
          uniq_maggie

Skill      XL: |  1  2  3  4  5  6  7  8 |
---------------+-------------------------+-----
Fighting       | 1 2 3 4 |  4.9
Dodging        | 1 2 3 4 |  4.7
Spellcasting   | 2 3 |  3.0
Summonings     | 2 3 4 |  4.3
Stealth        | 3 5 |  5.7
Short Blades   | 2 3 |  3.3
Ranged Weapons | |  1.0
Transmutations | |  4.0
Evocations     | |  2.1

Action                     |  1- 3 |  4- 6 |  7- 9 || total
---------------------------+-------+-------+-------++-------
  Melee: Unarmed           |     6 |       |       ||     6
         Tentacles         |    25 |    18 |    28 ||    71
         Constrict         |    21 |    28 |    21 ||    70
         Dagger            |    65 |   109 |   123 ||   297
         Punch             |     1 |     1 |     1 ||     3
         Whip              |       |    16 |       ||    16
   Fire: Sling             |    18 |     3 |       ||    21
   Cast: Call Canine Famil |       |       |    10 ||    10
         Sting             |       |       |     5 ||     5
    Use: Potion            |       |     2 |     1 ||     3
         Scroll            |       |       |     5 ||     5
   Stab: Sleeping          |     3 |    16 |     9 ||    28
         Distracted        |       |       |     1 ||     1
 Armour: Skin              |    35 |    59 |    69 ||   163
  Dodge: Dodged            |    48 |    67 |   111 ||   226

Table legend: (Time is in decaauts)
 A = Elapsed time spent in this place.
 B = Non-inter-level travel time spent in this place.
 C = Inter-level travel time spent in this place.
 D = Time resting spent in this place.
 E = Time spent auto-exploring this place.
 F = Levels seen in this place.
 G = Mean time per level.
                   A        B        C        D        E       F      G
               +--------+--------+--------+--------+--------+-----+--------+
         Total |   4620 |   4516 |    104 |    393 |   3103 |   6 |  770.0 |
       Dungeon |   4620 |   4516 |    104 |    393 |   3103 |   6 |  770.0 |
               +--------+--------+--------+--------+--------+-----+--------+

Top non-repeatable levels by time:
     D:4: 1012 daAuts
     D:2: 882 daAuts
     D:3: 852 daAuts
     D:5: 701 daAuts
     D:1: 687 daAuts
     D:6: 484 daAuts
